 Dungeon Crawl Stone Soup version 0.18.1-48-g4cf74bf (webtiles) character file.

197 juanjsm the Insei (level 5, 0/34 HPs)
             Began as an Octopode Transmuter on July 8, 2016.
             Succumbed to a worker ant's poison
             ... on level 4 of the Dungeon.
             The game lasted 00:10:47 (2953 turns).

juanjsm the Insei (Octopode Transmuter)             Turns: 2953, Time: 00:10:48

Health: 0/34       AC:  1    Str:  8 (10) XL:     5   Next: 75%
Magic:  9/9        EV: 12    Int: 13 (16) God:
Gold:   150        SH:  0    Dex: 10 (12) Spells: 2 memorised, 6 levels left

rFire  . . .     SeeInvis .       - Unarmed
rCold  . . .     Gourm    .     (no shield)
rNeg   . . .     Faith    .     (helmet restricted)
rPois  .         Spirit   .     (no amulet)
rElec  .         Dismiss  .     (no ring)
rCorr  .         Reflect  .     (no ring)
SustAt .         Harm     .     (no ring)
MR     .....                    (no ring)
Stlth  ++........               (no ring)
                                (no ring)
                                (no ring)
                                (no ring)

@: lethally poisoned (0 -> -3), not resistant to hostile enchantments,
unstealthy
A: almost no armour, amphibious, 8 rings, constrict 8, camouflage 1, gelatinous
body 1
a: no special abilities


You were on level 4 of the Dungeon.
You were not hungry.

You visited 1 branch of the dungeon, and saw 4 of its levels.

You collected 150 gold pieces.

Inventory:

Hand Weapons
 g - a cursed -2 dagger
 j - a cursed -2 dagger
 l - a +3 dagger
 u - a +2 dagger of venom
 x - a +2 dagger of electrocution
Missiles
 a - 53 arrows
 d - 172 stones (quivered)
 o - 11 poisoned needles
 w - 4 tomahawks of returning
Scrolls
 e - 2 scrolls of teleportation
 h - 2 scrolls of random uselessness {unknown}
 i - a scroll of amnesia {unknown}
 k - 2 scrolls of enchant armour
 m - a scroll of identify {unknown}
 n - a scroll of enchant weapon {unknown}
 r - 2 scrolls of immolation
 s - a scroll of magic mapping {unknown}
Potions
 f - a potion of cure mutation
Books
 b - a book of Changes

   Spells                             Type                      Level
   a - Beastly Appendage              Transmutation                1
   b - Sticks to Snakes               Transmutation                2
   c - Spider Form                    Transmutation/Poison         3
   d - Ice Form                       Ice/Transmutation            4
   e - Blade Hands                    Transmutation                5
 v - Kikubaaqudgha's Incunabulum of Stolen Souls
   (You found it on level 3 of the Dungeon)

   Spells                             Type                      Level
   a - Animate Skeleton               Necromancy                   1
Comestibles
 c - 3 bread rations
 q - 2 meat rations


   Skills:
 - Level 2.0 Fighting
 - Level 2.0 Dodging
 - Level 3.7 Unarmed Combat
 + Level 3.2 Spellcasting
 + Level 3.1 Transmutations
 + Level 2.6 Poison Magic


You had 6 spell levels left.
You knew the following spells:

 Your Spells              Type           Power        Failure   Level  Hunger
a - Beastly Appendage     Trmt           ##....       10%         1    #......
b - Spider Form           Trmt/Pois      #.........   21%         3    ###....


Dungeon Overview and Level Annotations

Branches:
Dungeon (4/15)
 Temple: D:4-7

Altars:
Kikubaaqudgha
Sif Muna
Vehumet


Innate Abilities, Weirdness & Mutations

You cannot wear most types of armour.
You are amphibious.
You can wear up to eight rings at the same time.
You can use your tentacles to constrict eight enemies at once.
Your skin changes colour to match your surroundings (Stealth).
Your rubbery body absorbs attacks (AC +1).


Message History

You feel sick.
You enter a teleport trap!
The teleport trap disappears.
Your surroundings suddenly seem different.
* * * LOW HITPOINT WARNING * * *
You feel sick.
* * * LOW HITPOINT WARNING * * *
You feel sick.
Read which item? (? for menu, Esc to quit)
As you read the scroll labeled GUUSIM BADUAR, it crumbles to dust.
You feel strangely unstable.
It was a scroll of teleportation.
Read which item? (? for menu, Esc to quit)
As you read the scroll labeled SYDEUH KOCA, it crumbles to dust.
It is a scroll of enchant armour.
You aren't carrying any armour which can be enchanted further.
Read which item? (? for menu, Esc to quit)
As you read the scroll labeled TEISET TUIBB, it crumbles to dust.
The air around you briefly surges with heat, but it dissipates.
It was a scroll of immolation.
Your surroundings suddenly seem different.
You die...

# ###
#.#..
#b#.###
#.....#
#@#
#b$.#
#####


There were no monsters in sight!

Vanquished Creatures
  A giant frog (D:3)
  A worker ant (D:4)
  Robin (D:4)
  An adder (D:2)
  2 worms (D:3)
  A dart slug (D:1)
  A giant gecko (D:3)
  3 orcs (D:3)
  2 ball pythons
  A giant cockroach (D:3)
  20 goblins
  11 hobgoblins
  2 quokkas
  7 bats
  A giant gecko skeleton (D:4)
  3 giant newts
  8 kobolds
  7 rats
73 creatures vanquished.

Notes
Turn   | Place    | Note
--------------------------------------------------------------
     0 | D:1      | juanjsm the Octopode Transmuter began the quest for the Orb.
     0 | D:1      | Reached XP level 1. HP: 13/13 MP: 3/3
    67 | D:1      | Reached XP level 2. HP: 9/18 MP: 3/5
   518 | D:1      | Reached XP level 3. HP: 16/24 MP: 4/6
   644 | D:1      | Learned a level 3 spell: Spider Form
  1486 | D:3      | Reached skill level 1 in Poison Magic
  1486 | D:3      | Reached XP level 4. HP: 28/29 MP: 5/7
  1987 | D:3      | Found a deep blue altar of Sif Muna.
  1988 | D:3      | Found an ancient bone altar of Kikubaaqudgha.
  1988 | D:3      | Found a radiant altar of Vehumet.
  1991 | D:3      | Identified Kikubaaqudgha's Incunabulum of Stolen Souls
  2139 | D:3      | Noticed a giant frog
  2420 | D:3      | Killed a giant frog
  2420 | D:3      | Reached XP level 5. HP: 27/34 MP: 4/9
  2646 | D:4      | Noticed Robin
  2693 | D:4      | Killed Robin
  2701 | D:4      | HP: 1/34 [poisoned by a goblin]
  2950 | D:4      | HP: 1/34 [poisoned by a worker ant]
  2953 | D:4      | Succumbed to a worker ant's poison

Skill      XL: |  1  2  3  4  5 |
---------------+----------------+-----
Fighting       | 2 |  2.0
Poison Magic   | 1 2 |  2.6
Spellcasting   | 3 |  3.2
Transmutations | 3 |  3.1
Dodging        | |  2.0
Unarmed Combat | |  3.7

Action                   |  1- 3 |  4- 6 || total
-------------------------+-------+-------++-------
Melee: Unarmed           |    87 |    72 ||   159
       Tentacles         |    21 |     6 ||    27
       Constrict         |    25 |    13 ||    38
       Kick              |    16 |    14 ||    30
 Cast: Beastly Appendage |    24 |    10 ||    34
       Spider Form       |       |     2 ||     2
  Use: Potion            |       |     5 ||     5
       Scroll            |       |     3 ||     3
 Stab: Sleeping          |     5 |       ||     5
  Eat: Chunk             |     2 |     5 ||     7
Armor: Skin              |    10 |     4 ||    14
Dodge: Dodged            |    44 |    60 ||   104
